[ AOE2 MATCH · #473183277 ]
UnrankedFranks vs Malians
[ REPLAY ANALYSIS · EXTRACTED FROM THE RECORDED GAME ]
Feudal
12:10
Castle
21:36
Imperial
—
| APM avg | 75.0 |
| APM peak | 117 |
| eAPM avg | 38.1 |
| Villagers / military | 215 / 548 |
Focus
⚔️ 56.9% · 🌾 43.1%
Knight ×452 · Spearman ×60 · Scout Cavalry ×36
Feudal
12:33
Castle
21:03
Imperial
—
| APM avg | 26.5 |
| APM peak | 94 |
| eAPM avg | 12.2 |
| Villagers / military | 84 / 31 |
Focus
⚔️ 27.7% · 🌾 72.3%
Cavalry Archer ×14 · Monk ×7 · Scout Cavalry ×7 · Knight ×3
Feudal
13:32
Castle
17:02
Imperial
39:54
| APM avg | 29.8 |
| APM peak | 81 |
| eAPM avg | 20.8 |
| Villagers / military | 232 / 74 |
Focus
⚔️ 29.8% · 🌾 70.2%
Knight ×37 · Gbeto ×33 · Monk ×3 · Camel Scout ×1
Feudal
13:05
Castle
16:54
Imperial
36:52
| APM avg | 43.1 |
| APM peak | 93 |
| eAPM avg | 25.7 |
| Villagers / military | 160 / 199 |
Focus
⚔️ 39.2% · 🌾 60.8%
Elephant Archer ×126 · Spearman ×24 · Mangonel ×17 · Trebuchet (Packed) ×14 · Armored Elephant ×11 · Ratha (Ranged) ×5
Feudal
12:33
Castle
16:06
Imperial
31:52
| APM avg | 58.2 |
| APM peak | 101 |
| eAPM avg | 39.1 |
| Villagers / military | 246 / 307 |
Focus
⚔️ 34.1% · 🌾 65.9%
Kamayuk ×164 · Skirmisher ×56 · Archer ×47 · Battering Ram ×26 · Monk ×12 · Unknown (2550) ×3
Feudal
12:36
Castle
16:42
Imperial
43:40
| APM avg | 24.6 |
| APM peak | 51 |
| eAPM avg | 16.9 |
| Villagers / military | 150 / 172 |
Focus
⚔️ 36.6% · 🌾 63.4%
Battle Elephant ×63 · Scout Cavalry ×51 · Spearman ×34 · Cavalry Archer ×19 · Trebuchet (Packed) ×5
Match map
Initial resources + every placement click. Lines = walls · curves = elevation contours. ◆ gold · ⬟ stone · ● berries · ✦ relic · ◌ wall gap
Inputs per minute
— CORP_BrianAOE - - CORP_ALASTOR
Build order — CORP_BrianAOE
First 150 of 942 actions detected
| 1:02 | Build | Town Center |
| 1:14 | Build | House |
| 2:55 | Create | Villager (Male) |
| 2:55 | Create | Villager (Male) |
| 2:55 | Create | Villager (Male) |
| 2:56 | Create | Villager (Male) |
| 2:56 | Create | Villager (Male) |
| 2:56 | Create | Villager (Male) |
| 3:44 | Create | Villager (Male) |
| 3:44 | Create | Villager (Male) |
| 4:06 | Create | Villager (Male) |
| 4:06 | Create | Villager (Male) |
| 4:06 | Create | Villager (Male) |
| 4:40 | Create | Villager (Male) |
| 4:40 | Create | Villager (Male) |
| 4:40 | Create | Villager (Male) |
| 4:44 | Build | Lumber Camp |
| 5:10 | Create | Villager (Male) |
| 5:10 | Create | Villager (Male) |
| 5:11 | Create | Villager (Male) |
| 5:12 | Build | House |
| 5:20 | Create | Villager (Male) |
| 5:20 | Create | Villager (Male) |
| 5:36 | Research | Loom |
| 5:37 | Create | Villager (Male) |
| 5:37 | Create | Villager (Male) |
| 5:38 | Create | Villager (Male) |
| 5:47 | Create | Villager (Male) |
| 5:47 | Create | Villager (Male) |
| 6:05 | Create | Villager (Male) |
| 6:05 | Create | Villager (Male) |
| 6:05 | Create | Villager (Male) |
| 6:38 | Create | Villager (Male) |
| 6:38 | Create | Villager (Male) |
| 6:38 | Create | Villager (Male) |
| 7:16 | Build | House |
| 7:20 | Build | House |
| 7:32 | Create | Villager (Male) |
| 7:32 | Create | Villager (Male) |
| 7:43 | Create | Villager (Male) |
| 7:43 | Create | Villager (Male) |
| 8:15 | Build | Mill |
| 9:11 | Create | Villager (Male) |
| 9:12 | Create | Villager (Male) |
| 9:57 | Research | Feudal Age |
| 9:57 | Research | Feudal Age |
| 10:52 | Build | Barracks |
| 11:48 | Create | Villager (Male) |
| 12:06 | Create | Villager (Male) |
| 12:10 | Age | Feudal Age |
| 12:12 | Build | Stable |
| 12:27 | Research | Double-Bit Axe |
| 12:27 | Research | Double-Bit Axe |
| 12:38 | Create | Villager (Male) |
| 12:38 | Create | Villager (Male) |
| 12:48 | Build | House |
| 13:18 | Research | Wheelbarrow |
| 13:19 | Create | Scout Cavalry |
| 13:19 | Create | Scout Cavalry |
| 13:19 | Create | Scout Cavalry |
| 13:19 | Create | Scout Cavalry |
| 13:19 | Create | Scout Cavalry |
| 13:19 | Create | Scout Cavalry |
| 13:19 | Create | Scout Cavalry |
| 13:19 | Create | Scout Cavalry |
| 13:23 | Build | House |
| 13:35 | Build | Palisade Wall |
| 13:37 | Build | Palisade Wall |
| 13:40 | Build | Palisade Wall |
| 13:43 | Build | Palisade Wall |
| 14:01 | Create | Scout Cavalry |
| 14:02 | Create | Scout Cavalry |
| 14:02 | Create | Scout Cavalry |
| 14:02 | Create | Scout Cavalry |
| 14:02 | Create | Scout Cavalry |
| 14:02 | Create | Scout Cavalry |
| 14:11 | Create | Villager (Male) |
| 14:11 | Create | Villager (Male) |
| 14:11 | Create | Villager (Male) |
| 14:11 | Create | Villager (Male) |
| 14:12 | Create | Villager (Male) |
| 14:30 | Create | Villager (Male) |
| 14:30 | Create | Villager (Male) |
| 14:42 | Create | Scout Cavalry |
| 14:42 | Create | Scout Cavalry |
| 14:42 | Create | Scout Cavalry |
| 14:42 | Create | Scout Cavalry |
| 14:42 | Create | Scout Cavalry |
| 14:42 | Create | Scout Cavalry |
| 14:49 | Build | Blacksmith |
| 14:57 | Create | Scout Cavalry |
| 14:57 | Create | Scout Cavalry |
| 14:57 | Create | Scout Cavalry |
| 14:57 | Create | Scout Cavalry |
| 14:57 | Create | Scout Cavalry |
| 14:57 | Create | Scout Cavalry |
| 15:31 | Create | Villager (Male) |
| 15:34 | Build | House |
| 15:34 | Build | House |
| 15:41 | Research | Forging |
| 15:44 | Create | Villager (Male) |
| 15:52 | Build | Farm |
| 15:57 | Build | Farm |
| 16:08 | Create | Villager (Male) |
| 16:29 | Research | Town Watch |
| 16:32 | Research | Scale Barding Armor |
| 17:11 | Create | Villager (Male) |
| 17:16 | Build | House |
| 17:21 | Create | Villager (Male) |
| 18:01 | Build | Stable |
| 18:04 | Create | Villager (Male) |
| 18:52 | Build | Mill |
| 18:56 | Research | Castle Age |
| 18:56 | Research | Castle Age |
| 19:07 | Build | Market |
| 20:13 | Build | Farm |
| 20:58 | Create | Villager (Male) |
| 21:15 | Build | Stable |
| 21:26 | Create | Villager (Male) |
| 21:36 | Age | Castle Age |
| 21:39 | Create | Knight |
| 21:39 | Create | Knight |
| 21:39 | Create | Knight |
| 21:39 | Create | Knight |
| 21:39 | Create | Knight |
| 21:39 | Create | Knight |
| 21:39 | Create | Knight |
| 21:39 | Create | Knight |
| 21:39 | Create | Knight |
| 21:39 | Create | Knight |
| 21:44 | Create | Villager (Male) |
| 22:06 | Create | Knight |
| 22:06 | Create | Knight |
| 22:06 | Create | Knight |
| 22:06 | Create | Knight |
| 22:06 | Create | Knight |
| 22:10 | Create | Villager (Male) |
| 22:19 | Create | Villager (Male) |
| 22:20 | Build | Watch Tower |
| 22:30 | Create | Villager (Male) |
| 22:35 | Create | Knight |
| 22:35 | Create | Scout Cavalry |
| 22:35 | Create | Knight |
| 22:35 | Create | Scout Cavalry |
| 22:35 | Create | Knight |
| 22:35 | Create | Scout Cavalry |
| 22:35 | Create | Knight |
| 22:35 | Create | Scout Cavalry |
| 22:35 | Create | Knight |
| 22:35 | Create | Knight |
Build order — CORP_ALASTOR
First 150 of 202 actions detected
| 0:14 | Build | House |
| 1:26 | Build | Town Center |
| 3:18 | Create | Villager (Male) |
| 3:18 | Create | Villager (Male) |
| 3:18 | Create | Villager (Male) |
| 3:18 | Create | Villager (Male) |
| 3:56 | Build | House |
| 4:08 | Build | House |
| 4:30 | Create | Villager (Male) |
| 5:04 | Build | House |
| 5:16 | Create | Villager (Male) |
| 5:16 | Create | Villager (Male) |
| 5:26 | Build | Lumber Camp |
| 6:06 | Create | Villager (Male) |
| 6:06 | Create | Villager (Male) |
| 6:06 | Create | Villager (Male) |
| 6:06 | Create | Villager (Male) |
| 6:14 | Build | House |
| 6:23 | Build | House |
| 6:37 | Build | House |
| 6:42 | Research | Loom |
| 6:48 | Build | House |
| 7:16 | Create | Villager (Male) |
| 7:33 | Build | Mill |
| 7:41 | Create | Villager (Male) |
| 7:58 | Build | House |
| 8:00 | Create | Villager (Male) |
| 8:00 | Create | Villager (Male) |
| 8:51 | Create | Villager (Male) |
| 8:52 | Create | Villager (Male) |
| 9:02 | Build | Palisade Wall |
| 9:17 | Create | Villager (Male) |
| 10:15 | Research | Feudal Age |
| 10:51 | Build | Barracks |
| 11:55 | Create | Villager (Male) |
| 11:55 | Create | Villager (Male) |
| 12:33 | Age | Feudal Age |
| 12:38 | Build | Stable |
| 12:46 | Create | Villager (Male) |
| 13:02 | Build | House |
| 13:10 | Build | House |
| 13:11 | Build | House |
| 13:17 | Create | Villager (Male) |
| 13:26 | Build | House |
| 13:27 | Build | House |
| 13:32 | Create | Villager (Male) |
| 13:53 | Build | House |
| 13:54 | Create | Scout Cavalry |
| 13:54 | Create | Scout Cavalry |
| 13:55 | Create | Scout Cavalry |
| 14:30 | Build | House |
| 14:33 | Create | Scout Cavalry |
| 14:48 | Create | Villager (Male) |
| 14:49 | Research | Double-Bit Axe |
| 15:03 | Create | Villager (Male) |
| 15:14 | Create | Villager (Male) |
| 15:26 | Build | House |
| 15:43 | Create | Villager (Male) |
| 15:53 | Build | Blacksmith |
| 16:14 | Create | Scout Cavalry |
| 16:18 | Create | Villager (Male) |
| 16:26 | Create | Villager (Male) |
| 16:54 | Create | Scout Cavalry |
| 17:01 | Build | Mining Camp |
| 17:04 | Create | Villager (Male) |
| 17:09 | Build | Market |
| 17:34 | Create | Scout Cavalry |
| 17:41 | Build | Palisade Gate |
| 17:44 | Build | Palisade Wall |
| 17:51 | Create | Villager (Male) |
| 18:10 | Build | Palisade Wall |
| 18:23 | Research | Castle Age |
| 18:48 | Build | Farm |
| 18:49 | Research | Horse Collar |
| 19:32 | Research | Gold Mining |
| 19:33 | Research | Scale Barding Armor |
| 19:41 | Build | Mill |
| 20:03 | Build | House |
| 20:06 | Build | Palisade Wall |
| 20:19 | Build | House |
| 20:25 | Build | House |
| 20:38 | Build | House |
| 20:54 | Create | Villager (Male) |
| 21:03 | Age | Castle Age |
| 21:07 | Research | Light Cavalry (upgrade) |
| 21:26 | Build | Monastery |
| 21:44 | Create | Knight |
| 22:01 | Create | Villager (Male) |
| 22:01 | Create | Villager (Male) |
| 22:03 | Create | Monk |
| 22:04 | Create | Monk |
| 22:29 | Build | Town Center |
| 22:32 | Create | Villager (Male) |
| 22:47 | Create | Knight |
| 22:47 | Create | Knight |
| 23:05 | Create | Villager (Male) |
| 23:05 | Create | Villager (Male) |
| 23:16 | Build | Farm |
| 23:17 | Build | Farm |
| 23:18 | Create | Villager (Male) |
| 23:18 | Create | Villager (Male) |
| 23:40 | Create | Monk |
| 23:55 | Build | House |
| 24:02 | Create | Monk |
| 24:07 | Build | House |
| 24:08 | Build | Palisade Wall |
| 24:10 | Build | House |
| 24:11 | Build | Palisade Wall |
| 24:26 | Create | Villager (Male) |
| 24:26 | Create | Villager (Male) |
| 24:36 | Create | Villager (Male) |
| 24:36 | Create | Villager (Male) |
| 25:00 | Build | House |
| 25:19 | Create | Monk |
| 25:30 | Build | Palisade Wall |
| 25:41 | Create | Villager (Male) |
| 25:50 | Build | Farm |
| 25:54 | Build | Farm |
| 25:54 | Build | Farm |
| 25:54 | Build | Farm |
| 25:55 | Build | Farm |
| 25:55 | Build | Farm |
| 25:55 | Build | Farm |
| 25:55 | Build | Farm |
| 25:56 | Build | Farm |
| 25:56 | Build | Farm |
| 26:24 | Create | Monk |
| 26:24 | Create | Monk |
| 26:28 | Create | Villager (Male) |
| 26:41 | Build | Farm |
| 26:42 | Build | Farm |
| 27:02 | Create | Villager (Male) |
| 27:11 | Build | Farm |
| 27:13 | Build | Farm |
| 27:15 | Build | Farm |
| 27:19 | Create | Villager (Male) |
| 27:28 | Create | Villager (Male) |
| 27:40 | Build | House |
| 28:14 | Build | Siege Workshop |
| 28:27 | Build | Archery Range |
| 28:36 | Create | Villager (Male) |
| 28:36 | Create | Villager (Male) |
| 28:36 | Create | Villager (Male) |
| 28:40 | Research | Bow Saw |
| 28:40 | Research | Bow Saw |
| 28:52 | Research | Fletching |
| 29:23 | Create | Villager (Male) |
| 29:44 | Create | Cavalry Archer |
| 29:44 | Create | Cavalry Archer |
| 29:47 | Build | Archery Range |
Build order — JoseBiedma01
First 150 of 508 actions detected
| 0:10 | Build | House |
| 0:11 | Build | House |
| 0:53 | Build | Town Center |
| 2:50 | Create | Villager (Male) |
| 2:51 | Create | Villager (Male) |
| 2:53 | Create | Villager (Male) |
| 2:54 | Create | Villager (Male) |
| 4:32 | Create | Villager (Male) |
| 4:56 | Create | Villager (Male) |
| 5:23 | Create | Villager (Male) |
| 5:24 | Create | Villager (Male) |
| 5:39 | Build | Lumber Camp |
| 5:43 | Create | Villager (Male) |
| 6:35 | Research | Loom |
| 6:49 | Build | Mill |
| 7:10 | Create | Villager (Male) |
| 7:10 | Create | Villager (Male) |
| 7:28 | Create | Villager (Male) |
| 7:41 | Build | House |
| 7:59 | Create | Villager (Male) |
| 8:32 | Create | Villager (Male) |
| 9:11 | Create | Villager (Male) |
| 9:40 | Create | Villager (Male) |
| 9:44 | Build | House |
| 9:48 | Build | House |
| 10:05 | Create | Villager (Male) |
| 10:30 | Create | Villager (Male) |
| 10:57 | Create | Villager (Male) |
| 11:18 | Build | Mining Camp |
| 11:20 | Research | Feudal Age |
| 11:50 | Build | Mining Camp |
| 12:25 | Build | Palisade Wall |
| 12:26 | Build | Palisade Wall |
| 12:31 | Build | Palisade Wall |
| 12:54 | Create | Villager (Male) |
| 12:54 | Create | Villager (Male) |
| 13:32 | Age | Feudal Age |
| 13:34 | Build | Market |
| 13:38 | Build | Blacksmith |
| 14:22 | Research | Castle Age |
| 14:30 | Build | House |
| 14:55 | Research | Double-Bit Axe |
| 15:11 | Build | Palisade Wall |
| 15:21 | Build | Palisade Wall |
| 15:39 | Build | Palisade Wall |
| 16:31 | Create | Villager (Male) |
| 16:53 | Build | Building 800 |
| 16:59 | Build | House |
| 17:02 | Age | Castle Age |
| 17:15 | Build | Castle |
| 17:28 | Create | Villager (Male) |
| 18:03 | Create | Villager (Male) |
| 18:04 | Create | Villager (Male) |
| 18:22 | Create | Gbeto |
| 18:22 | Create | Gbeto |
| 18:36 | Create | Gbeto |
| 18:46 | Create | Gbeto |
| 18:50 | Create | Villager (Male) |
| 18:56 | Build | Palisade Wall |
| 19:10 | Create | Gbeto |
| 19:18 | Create | Villager (Male) |
| 19:23 | Research | Town Watch |
| 19:29 | Build | Farm |
| 19:32 | Research | Horse Collar |
| 19:37 | Build | Farm |
| 19:37 | Build | Farm |
| 19:38 | Create | Gbeto |
| 20:03 | Build | Farm |
| 20:11 | Create | Villager (Male) |
| 20:13 | Create | Gbeto |
| 20:48 | Create | Villager (Male) |
| 20:49 | Create | Gbeto |
| 21:04 | Create | Villager (Male) |
| 21:10 | Build | Town Center |
| 21:13 | Create | Gbeto |
| 21:27 | Build | Town Center |
| 21:32 | Create | Gbeto |
| 21:56 | Create | Villager (Male) |
| 22:11 | Create | Villager (Male) |
| 22:39 | Create | Villager (Male) |
| 22:47 | Create | Villager (Male) |
| 23:04 | Create | Villager (Male) |
| 23:21 | Create | Villager (Male) |
| 23:32 | Create | Villager (Male) |
| 23:33 | Create | Gbeto |
| 23:43 | Create | Gbeto |
| 23:49 | Create | Villager (Male) |
| 23:50 | Create | Villager (Male) |
| 24:10 | Create | Villager (Male) |
| 24:11 | Create | Villager (Male) |
| 24:16 | Create | Gbeto |
| 24:16 | Create | Gbeto |
| 24:37 | Create | Gbeto |
| 24:37 | Create | Gbeto |
| 24:46 | Create | Villager (Male) |
| 24:46 | Create | Villager (Male) |
| 25:13 | Create | Villager (Male) |
| 25:14 | Create | Gbeto |
| 25:16 | Build | Farm |
| 25:17 | Build | Farm |
| 25:25 | Build | Town Center |
| 25:31 | Create | Villager (Male) |
| 25:32 | Create | Gbeto |
| 25:45 | Create | Villager (Male) |
| 25:46 | Create | Villager (Male) |
| 25:54 | Create | Gbeto |
| 25:55 | Create | Villager (Male) |
| 25:55 | Create | Villager (Male) |
| 26:24 | Create | Villager (Male) |
| 26:24 | Create | Villager (Male) |
| 26:36 | Research | Forging |
| 26:54 | Create | Gbeto |
| 26:54 | Create | Gbeto |
| 27:06 | Build | House |
| 27:15 | Build | Barracks |
| 27:17 | Build | Monastery |
| 27:30 | Create | Villager (Male) |
| 27:39 | Build | Mining Camp |
| 27:42 | Build | Farm |
| 27:43 | Build | Farm |
| 27:43 | Build | Farm |
| 27:43 | Build | Farm |
| 27:43 | Build | Farm |
| 27:43 | Build | Farm |
| 27:46 | Create | Villager (Male) |
| 27:49 | Create | Villager (Male) |
| 27:50 | Create | Villager (Male) |
| 27:53 | Create | Monk |
| 27:58 | Create | Gbeto |
| 28:04 | Create | Gbeto |
| 28:06 | Create | Villager (Male) |
| 28:06 | Create | Villager (Male) |
| 28:11 | Build | Mining Camp |
| 28:15 | Create | Villager (Male) |
| 28:15 | Create | Villager (Male) |
| 28:17 | Build | Stable |
| 28:29 | Create | Villager (Male) |
| 28:31 | Create | Gbeto |
| 28:32 | Research | Squires |
| 28:34 | Create | Villager (Male) |
| 28:39 | Build | House |
| 28:40 | Build | House |
| 28:44 | Build | Farm |
| 28:44 | Build | Farm |
| 28:44 | Build | Farm |
| 28:44 | Build | Farm |
| 28:50 | Create | Monk |
| 29:00 | Create | Villager (Male) |
| 29:02 | Research | Wheelbarrow |
| 29:02 | Create | Villager (Male) |
Build order — [GDL] Lionel Messiervos
First 150 of 615 actions detected
| 0:51 | Build | Town Center |
| 1:55 | Build | House |
| 2:43 | Build | Palisade Wall |
| 2:51 | Build | House |
| 2:55 | Create | Villager (Male) |
| 3:00 | Build | House |
| 3:25 | Create | Villager (Male) |
| 3:26 | Create | Villager (Male) |
| 3:26 | Create | Villager (Male) |
| 3:26 | Create | Villager (Male) |
| 3:50 | Build | House |
| 4:02 | Create | Villager (Male) |
| 4:02 | Create | Villager (Male) |
| 4:05 | Build | House |
| 4:21 | Build | House |
| 4:40 | Create | Villager (Male) |
| 4:40 | Create | Villager (Male) |
| 5:00 | Create | Villager (Male) |
| 5:10 | Build | House |
| 5:16 | Build | Lumber Camp |
| 5:25 | Create | Villager (Male) |
| 5:25 | Create | Villager (Male) |
| 5:54 | Create | Villager (Male) |
| 5:55 | Create | Villager (Male) |
| 6:14 | Create | Villager (Male) |
| 6:15 | Create | Villager (Male) |
| 6:21 | Build | House |
| 6:48 | Create | Villager (Male) |
| 6:48 | Create | Villager (Male) |
| 6:50 | Build | House |
| 7:27 | Create | Villager (Male) |
| 7:28 | Create | Villager (Male) |
| 7:28 | Create | Villager (Male) |
| 7:52 | Build | House |
| 7:53 | Build | Palisade Wall |
| 8:39 | Build | Mill |
| 8:44 | Create | Villager (Male) |
| 9:11 | Create | Villager (Male) |
| 9:32 | Create | Villager (Male) |
| 9:34 | Build | Mining Camp |
| 10:01 | Create | Villager (Male) |
| 10:22 | Research | Loom |
| 10:54 | Research | Feudal Age |
| 12:25 | Create | Villager (Male) |
| 12:33 | Build | Palisade Wall |
| 12:34 | Build | Palisade Wall |
| 12:38 | Build | Palisade Wall |
| 12:39 | Build | Palisade Wall |
| 12:47 | Create | Villager (Male) |
| 13:05 | Age | Feudal Age |
| 13:10 | Build | Market |
| 13:14 | Build | Blacksmith |
| 13:31 | Build | Palisade Gate |
| 14:12 | Research | Double-Bit Axe |
| 14:14 | Research | Castle Age |
| 14:14 | Research | Castle Age |
| 14:52 | Build | House |
| 15:33 | Build | House |
| 15:37 | Build | Palisade Wall |
| 15:40 | Build | Palisade Wall |
| 15:49 | Create | Villager (Male) |
| 15:52 | Build | House |
| 16:46 | Build | Palisade Wall |
| 16:54 | Age | Castle Age |
| 16:59 | Build | Town Center |
| 17:16 | Create | Villager (Male) |
| 17:19 | Create | Villager (Male) |
| 17:33 | Create | Villager (Male) |
| 17:34 | Create | Villager (Male) |
| 17:40 | Create | Villager (Male) |
| 17:40 | Create | Villager (Male) |
| 17:45 | Create | Villager (Male) |
| 17:45 | Create | Villager (Male) |
| 17:58 | Create | Villager (Male) |
| 18:04 | Build | Barracks |
| 18:14 | Create | Villager (Male) |
| 18:48 | Create | Villager (Male) |
| 18:48 | Create | Villager (Male) |
| 19:06 | Create | Villager (Male) |
| 19:16 | Create | Villager (Male) |
| 19:16 | Create | Villager (Male) |
| 19:28 | Build | Town Center |
| 19:40 | Build | Palisade Wall |
| 19:49 | Create | Villager (Male) |
| 19:49 | Create | Villager (Male) |
| 20:03 | Create | Villager (Male) |
| 20:03 | Create | Villager (Male) |
| 20:04 | Create | Villager (Male) |
| 20:08 | Create | Villager (Male) |
| 20:08 | Create | Villager (Male) |
| 20:10 | Research | Horse Collar |
| 20:56 | Create | Villager (Male) |
| 21:04 | Create | Villager (Male) |
| 21:05 | Create | Villager (Male) |
| 21:12 | Build | Farm |
| 21:16 | Build | Farm |
| 21:18 | Build | Farm |
| 21:23 | Build | Farm |
| 21:27 | Build | House |
| 21:28 | Build | House |
| 21:31 | Create | Villager (Male) |
| 21:32 | Create | Villager (Male) |
| 21:34 | Build | House |
| 21:44 | Create | Villager (Male) |
| 21:55 | Create | Villager (Male) |
| 21:55 | Create | Villager (Male) |
| 21:57 | Create | Villager (Male) |
| 22:10 | Build | Farm |
| 22:10 | Build | Farm |
| 22:16 | Create | Villager (Male) |
| 22:22 | Research | Pikeman (upgrade) |
| 22:23 | Research | Pikeman (upgrade) |
| 22:24 | Create | Villager (Male) |
| 22:32 | Create | Villager (Male) |
| 22:37 | Build | Farm |
| 22:42 | Create | Villager (Male) |
| 22:42 | Create | Villager (Male) |
| 22:43 | Create | Villager (Male) |
| 23:00 | Build | Barracks |
| 23:35 | Build | Town Center |
| 23:51 | Research | Squires |
| 23:51 | Create | Villager (Male) |
| 23:51 | Create | Villager (Male) |
| 23:52 | Create | Villager (Male) |
| 23:53 | Build | House |
| 23:59 | Build | House |
| 24:00 | Build | House |
| 24:10 | Create | Villager (Male) |
| 24:16 | Build | Farm |
| 24:17 | Build | Farm |
| 24:18 | Build | Farm |
| 24:19 | Build | Farm |
| 24:23 | Build | Farm |
| 24:25 | Create | Villager (Male) |
| 24:25 | Create | Villager (Male) |
| 24:31 | Create | Villager (Male) |
| 24:31 | Create | Villager (Male) |
| 24:37 | Build | House |
| 24:45 | Create | Spearman |
| 24:45 | Create | Spearman |
| 24:50 | Build | Farm |
| 24:51 | Build | Farm |
| 24:55 | Build | Farm |
| 25:02 | Create | Villager (Male) |
| 25:02 | Create | Villager (Male) |
| 25:04 | Build | Farm |
| 25:13 | Create | Spearman |
| 25:13 | Create | Spearman |
| 25:14 | Create | Villager (Male) |
| 25:19 | Create | Villager (Male) |
Build order — CORP_ Zata
First 150 of 789 actions detected
| 0:18 | Build | Town Center |
| 1:39 | Build | House |
| 2:25 | Create | Villager (Male) |
| 2:26 | Create | Villager (Male) |
| 2:26 | Create | Villager (Male) |
| 2:26 | Create | Villager (Male) |
| 2:27 | Create | Villager (Male) |
| 2:27 | Create | Villager (Male) |
| 3:17 | Create | Villager (Male) |
| 3:17 | Create | Villager (Male) |
| 3:17 | Create | Villager (Male) |
| 3:41 | Create | Villager (Male) |
| 3:41 | Create | Villager (Male) |
| 3:50 | Build | Settlement |
| 4:09 | Build | House |
| 4:21 | Create | Villager (Male) |
| 4:22 | Create | Villager (Male) |
| 4:23 | Build | House |
| 5:06 | Create | Villager (Male) |
| 5:06 | Create | Villager (Male) |
| 5:16 | Create | Villager (Male) |
| 5:17 | Create | Villager (Male) |
| 5:17 | Create | Villager (Male) |
| 5:39 | Create | Villager (Male) |
| 5:40 | Create | Villager (Male) |
| 5:40 | Create | Villager (Male) |
| 6:03 | Create | Villager (Male) |
| 6:04 | Create | Villager (Male) |
| 6:04 | Create | Villager (Male) |
| 6:10 | Build | House |
| 6:22 | Build | House |
| 6:33 | Build | House |
| 6:48 | Create | Villager (Male) |
| 6:48 | Create | Villager (Male) |
| 6:54 | Build | House |
| 6:59 | Create | Villager (Male) |
| 6:59 | Create | Villager (Male) |
| 7:17 | Create | Villager (Male) |
| 7:17 | Create | Villager (Male) |
| 7:51 | Create | Villager (Male) |
| 7:51 | Create | Villager (Male) |
| 8:21 | Build | House |
| 8:34 | Build | House |
| 8:42 | Build | House |
| 8:47 | Create | Villager (Male) |
| 9:01 | Create | Villager (Male) |
| 9:18 | Create | Villager (Male) |
| 9:29 | Research | Loom |
| 9:30 | Create | Villager (Male) |
| 9:33 | Create | Villager (Male) |
| 9:35 | Build | House |
| 9:46 | Create | Villager (Male) |
| 9:51 | Build | House |
| 10:20 | Research | Feudal Age |
| 10:21 | Research | Loom |
| 12:16 | Create | Villager (Male) |
| 12:33 | Age | Feudal Age |
| 12:35 | Build | Market |
| 12:38 | Build | Blacksmith |
| 12:55 | Research | Horse Collar |
| 13:01 | Research | Horse Collar |
| 13:03 | Research | Double-Bit Axe |
| 13:26 | Research | Castle Age |
| 13:26 | Research | Castle Age |
| 13:38 | Build | Palisade Wall |
| 13:41 | Build | Palisade Wall |
| 13:42 | Build | Palisade Wall |
| 13:44 | Build | Palisade Wall |
| 13:45 | Build | Palisade Wall |
| 13:46 | Build | Palisade Wall |
| 13:57 | Build | Palisade Wall |
| 13:57 | Build | Palisade Wall |
| 14:18 | Research | Horse Collar |
| 14:54 | Create | Villager (Male) |
| 15:24 | Create | Villager (Male) |
| 16:06 | Age | Castle Age |
| 16:12 | Build | Town Center |
| 16:14 | Research | Bow Saw |
| 16:22 | Build | Town Center |
| 16:25 | Build | Monastery |
| 16:27 | Create | Villager (Male) |
| 17:10 | Build | House |
| 17:12 | Build | House |
| 17:16 | Create | Monk |
| 17:28 | Create | Villager (Male) |
| 17:28 | Create | Villager (Male) |
| 17:41 | Create | Villager (Male) |
| 17:41 | Create | Villager (Male) |
| 18:07 | Research | Horse Collar |
| 18:08 | Create | Villager (Male) |
| 18:08 | Create | Villager (Male) |
| 18:22 | Create | Villager (Male) |
| 18:25 | Build | Farm |
| 18:29 | Build | Farm |
| 18:30 | Build | Farm |
| 18:30 | Build | Farm |
| 18:30 | Build | Farm |
| 18:30 | Build | Farm |
| 18:31 | Build | Farm |
| 18:50 | Create | Villager (Male) |
| 18:50 | Create | Villager (Male) |
| 18:51 | Create | Villager (Male) |
| 18:59 | Create | Villager (Male) |
| 18:59 | Create | Villager (Male) |
| 19:00 | Create | Villager (Male) |
| 19:15 | Create | Villager (Male) |
| 19:21 | Build | Farm |
| 19:25 | Create | Villager (Male) |
| 19:25 | Create | Villager (Male) |
| 19:28 | Build | Farm |
| 19:33 | Create | Villager (Male) |
| 19:33 | Create | Villager (Male) |
| 19:34 | Create | Villager (Male) |
| 19:35 | Create | Monk |
| 19:44 | Build | Farm |
| 19:45 | Create | Villager (Male) |
| 19:46 | Create | Villager (Male) |
| 19:46 | Create | Villager (Male) |
| 19:56 | Create | Villager (Male) |
| 19:56 | Create | Villager (Male) |
| 19:58 | Build | Farm |
| 20:03 | Build | Farm |
| 20:04 | Build | Farm |
| 20:05 | Create | Villager (Male) |
| 20:12 | Create | Villager (Male) |
| 20:12 | Create | Villager (Male) |
| 20:12 | Create | Villager (Male) |
| 20:21 | Build | Farm |
| 20:31 | Create | Monk |
| 20:43 | Build | Farm |
| 20:47 | Create | Villager (Male) |
| 20:47 | Create | Villager (Male) |
| 20:47 | Create | Villager (Male) |
| 20:47 | Create | Villager (Male) |
| 20:47 | Create | Villager (Male) |
| 21:06 | Create | Villager (Male) |
| 21:06 | Create | Villager (Male) |
| 21:07 | Create | Villager (Male) |
| 21:13 | Build | Farm |
| 21:21 | Build | Farm |
| 21:22 | Create | Villager (Male) |
| 21:22 | Create | Villager (Male) |
| 21:22 | Create | Villager (Male) |
| 21:28 | Create | Villager (Male) |
| 21:28 | Create | Villager (Male) |
| 21:29 | Create | Villager (Male) |
| 21:39 | Build | House |
| 21:43 | Build | House |
| 21:43 | Build | House |
| 21:45 | Create | Villager (Male) |
Build order — CORP_PysKo InKa-RreaBle
First 150 of 398 actions detected
| 0:27 | Build | Town Center |
| 0:35 | Build | House |
| 2:33 | Research | Loom |
| 2:33 | Create | Villager (Male) |
| 2:34 | Create | Villager (Male) |
| 2:34 | Create | Villager (Male) |
| 2:34 | Create | Villager (Male) |
| 3:59 | Create | Villager (Male) |
| 4:25 | Build | House |
| 4:29 | Create | Villager (Male) |
| 4:53 | Create | Villager (Male) |
| 5:26 | Create | Villager (Male) |
| 5:52 | Create | Villager (Male) |
| 5:52 | Create | Villager (Male) |
| 6:07 | Build | Lumber Camp |
| 6:26 | Build | House |
| 6:35 | Create | Villager (Male) |
| 6:36 | Create | Villager (Male) |
| 7:14 | Create | Villager (Male) |
| 7:25 | Create | Villager (Male) |
| 7:43 | Create | Villager (Male) |
| 7:56 | Build | House |
| 8:01 | Create | Villager (Male) |
| 8:47 | Create | Villager (Male) |
| 8:47 | Create | Villager (Male) |
| 8:54 | Create | Villager (Male) |
| 8:54 | Create | Villager (Male) |
| 8:55 | Create | Villager (Male) |
| 9:16 | Create | Villager (Male) |
| 10:08 | Build | Mill |
| 10:19 | Build | Mill |
| 10:41 | Create | Villager (Male) |
| 11:00 | Build | House |
| 11:17 | Research | Feudal Age |
| 11:22 | Build | Palisade Wall |
| 11:25 | Build | Palisade Wall |
| 11:27 | Build | Palisade Wall |
| 11:28 | Build | Palisade Wall |
| 11:33 | Build | Building 804 |
| 11:37 | Build | House |
| 11:57 | Create | Villager (Male) |
| 11:57 | Create | Villager (Male) |
| 12:30 | Build | Barracks |
| 12:34 | Create | Villager (Male) |
| 12:36 | Age | Feudal Age |
| 13:09 | Create | Villager (Male) |
| 13:20 | Create | Villager (Male) |
| 13:29 | Build | Stable |
| 13:53 | Create | Villager (Male) |
| 14:36 | Build | Blacksmith |
| 15:00 | Research | Castle Age |
| 15:16 | Build | Mill |
| 15:28 | Research | Scale Barding Armor |
| 15:52 | Create | Villager (Male) |
| 15:59 | Create | Scout Cavalry |
| 16:42 | Age | Castle Age |
| 16:48 | Create | Battle Elephant |
| 16:56 | Research | Husbandry |
| 16:58 | Create | Villager (Male) |
| 17:07 | Create | Spearman |
| 17:21 | Build | Town Center |
| 17:27 | Create | Villager (Male) |
| 17:49 | Create | Battle Elephant |
| 17:49 | Create | Battle Elephant |
| 17:50 | Create | Battle Elephant |
| 17:56 | Build | House |
| 17:57 | Build | House |
| 18:21 | Create | Villager (Male) |
| 18:26 | Create | Villager (Male) |
| 18:48 | Create | Battle Elephant |
| 18:56 | Create | Villager (Male) |
| 18:57 | Create | Villager (Male) |
| 19:31 | Build | Stable |
| 19:35 | Research | Forging |
| 19:39 | Create | Battle Elephant |
| 19:47 | Research | Town Watch |
| 19:59 | Create | Villager (Male) |
| 20:17 | Build | Palisade Wall |
| 20:20 | Build | Palisade Wall |
| 20:22 | Build | Palisade Wall |
| 20:51 | Create | Spearman |
| 20:52 | Create | Spearman |
| 20:52 | Create | Spearman |
| 21:13 | Create | Villager (Male) |
| 21:13 | Create | Villager (Male) |
| 21:13 | Create | Villager (Male) |
| 21:34 | Create | Villager (Male) |
| 21:35 | Create | Villager (Male) |
| 21:35 | Create | Villager (Male) |
| 21:51 | Build | Town Center |
| 22:09 | Build | Mill |
| 22:40 | Create | Battle Elephant |
| 22:49 | Create | Villager (Male) |
| 22:49 | Create | Villager (Male) |
| 23:03 | Build | Farm |
| 23:03 | Build | Farm |
| 23:03 | Build | Farm |
| 23:03 | Build | Farm |
| 23:04 | Build | Farm |
| 23:04 | Build | Farm |
| 23:04 | Build | Farm |
| 23:41 | Create | Battle Elephant |
| 24:07 | Create | Battle Elephant |
| 24:07 | Create | Battle Elephant |
| 24:27 | Create | Villager (Male) |
| 24:27 | Create | Villager (Male) |
| 24:27 | Create | Villager (Male) |
| 24:33 | Build | Farm |
| 24:33 | Build | Farm |
| 24:34 | Build | Farm |
| 24:34 | Build | Farm |
| 24:34 | Build | Farm |
| 24:35 | Build | Farm |
| 24:52 | Create | Villager (Male) |
| 24:52 | Create | Villager (Male) |
| 24:52 | Create | Villager (Male) |
| 25:13 | Create | Villager (Male) |
| 25:13 | Create | Villager (Male) |
| 25:23 | Create | Villager (Male) |
| 25:54 | Build | Mining Camp |
| 26:00 | Build | Archery Range |
| 26:19 | Create | Villager (Male) |
| 26:19 | Create | Villager (Male) |
| 26:20 | Create | Villager (Male) |
| 26:20 | Create | Villager (Male) |
| 26:20 | Create | Villager (Male) |
| 26:20 | Create | Villager (Male) |
| 26:40 | Create | Villager (Male) |
| 26:40 | Create | Villager (Male) |
| 26:48 | Build | Farm |
| 26:56 | Build | Farm |
| 26:57 | Build | Farm |
| 27:18 | Build | Farm |
| 27:20 | Build | Farm |
| 27:24 | Create | Villager (Male) |
| 27:24 | Create | Villager (Male) |
| 27:31 | Build | House |
| 27:34 | Create | Villager (Male) |
| 27:36 | Create | Villager (Male) |
| 27:49 | Create | Villager (Male) |
| 27:58 | Build | House |
| 28:00 | Build | House |
| 28:00 | Build | House |
| 28:01 | Build | House |
| 28:10 | Build | Farm |
| 28:19 | Create | Cavalry Archer |
| 28:22 | Create | Villager (Male) |
| 28:22 | Create | Villager (Male) |
| 28:22 | Create | Villager (Male) |
| 28:23 | Create | Villager (Male) |
Match timeline
| 2:43 | [GDL] Lionel Messiervos · wall_segment Palisade Wall x1 |
| 7:53 | [GDL] Lionel Messiervos · wall_segment Palisade Wall x1 |
| 9:02 | CORP_ALASTOR · wall_segment Palisade Wall x7 |
| 10:51 | CORP_ALASTOR · first_building Barracks |
| 10:52 | CORP_BrianAOE · first_building Barracks |
| 11:22 | CORP_PysKo InKa-RreaBle · wall_segment Palisade Wall x1 |
| 11:25 | CORP_PysKo InKa-RreaBle · wall_segment Palisade Wall x1 |
| 11:27 | CORP_PysKo InKa-RreaBle · wall_segment Palisade Wall x1 |
| 11:28 | CORP_PysKo InKa-RreaBle · wall_segment Palisade Wall x1 |
| 12:10 | CORP_BrianAOE · age_up feudal |
| 12:12 | CORP_BrianAOE · first_building Stable |
| 12:25 | JoseBiedma01 · wall_segment Palisade Wall x1 |
| 12:26 | JoseBiedma01 · wall_segment Palisade Wall x1 |
| 12:30 | CORP_PysKo InKa-RreaBle · first_building Barracks |
| 12:31 | JoseBiedma01 · wall_segment Palisade Wall x1 |
| 12:33 | CORP_ Zata · age_up feudal |
| 12:33 | CORP_ALASTOR · age_up feudal |
| 12:33 | [GDL] Lionel Messiervos · wall_segment Palisade Wall x1 |
| 12:34 | [GDL] Lionel Messiervos · wall_segment Palisade Wall x1 |
| 12:36 | CORP_PysKo InKa-RreaBle · age_up feudal |
| 12:38 | [GDL] Lionel Messiervos · wall_segment Palisade Wall x1 |
| 12:38 | CORP_ALASTOR · first_building Stable |
| 12:39 | [GDL] Lionel Messiervos · wall_segment Palisade Wall x1 |
| 13:05 | [GDL] Lionel Messiervos · age_up feudal |
| 13:29 | CORP_PysKo InKa-RreaBle · first_building Stable |
| 13:32 | JoseBiedma01 · age_up feudal |
| 13:35 | CORP_BrianAOE · wall_segment Palisade Wall x3 |
| 13:37 | CORP_BrianAOE · wall_segment Palisade Wall x2 |
| 13:38 | CORP_ Zata · wall_segment Palisade Wall x1 |
| 13:40 | CORP_BrianAOE · wall_segment Palisade Wall x3 |
| 13:41 | CORP_ Zata · wall_segment Palisade Wall x1 |
| 13:42 | CORP_ Zata · wall_segment Palisade Wall x1 |
| 13:43 | CORP_BrianAOE · wall_segment Palisade Wall x3 |
| 13:44 | CORP_ Zata · wall_segment Palisade Wall x1 |
| 13:45 | CORP_ Zata · wall_segment Palisade Wall x1 |
| 13:46 | CORP_ Zata · wall_segment Palisade Wall x1 |
| 13:57 | CORP_ Zata · wall_segment Palisade Wall x1 |
| 13:57 | CORP_ Zata · wall_segment Palisade Wall x1 |
| 15:11 | JoseBiedma01 · wall_segment Palisade Wall x4 |
| 15:21 | JoseBiedma01 · wall_segment Palisade Wall x8 |
| 15:37 | [GDL] Lionel Messiervos · wall_segment Palisade Wall x1 |
| 15:39 | JoseBiedma01 · wall_segment Palisade Wall x8 |
| 15:40 | [GDL] Lionel Messiervos · wall_segment Palisade Wall x1 |
| 16:06 | CORP_ Zata · age_up castle |
| 16:25 | CORP_ Zata · first_building Monastery |
| 16:42 | CORP_PysKo InKa-RreaBle · age_up castle |
| 16:46 | [GDL] Lionel Messiervos · wall_segment Palisade Wall x1 |
| 16:54 | [GDL] Lionel Messiervos · age_up castle |
| 17:02 | JoseBiedma01 · age_up castle |
| 17:15 | JoseBiedma01 · first_building Castle |
| 17:23 | [GDL] Lionel Messiervos · first_market_buy 100 wood |
| 17:44 | CORP_ALASTOR · wall_segment Palisade Wall x7 |
| 18:02 | CORP_ Zata · first_market_buy 100 food |
| 18:04 | [GDL] Lionel Messiervos · first_building Barracks |
| 18:10 | CORP_ALASTOR · wall_segment Palisade Wall x4 |
| 18:20 | CORP_ALASTOR · first_market_sell 100 wood |
| 18:49 | CORP_ Zata · first_market_sell 100 wood |
| 18:56 | JoseBiedma01 · wall_segment Palisade Wall x6 |
| 19:40 | [GDL] Lionel Messiervos · wall_segment Palisade Wall x1 |
| 20:06 | CORP_ALASTOR · wall_segment Palisade Wall x2 |
| 20:13 | JoseBiedma01 · first_market_buy 100 food |
| 20:17 | CORP_PysKo InKa-RreaBle · wall_segment Palisade Wall x1 |
| 20:20 | CORP_PysKo InKa-RreaBle · wall_segment Palisade Wall x1 |
| 20:22 | CORP_PysKo InKa-RreaBle · wall_segment Palisade Wall x1 |
| 21:03 | CORP_ALASTOR · age_up castle |
| 21:26 | CORP_ALASTOR · first_building Monastery |
| 21:36 | CORP_BrianAOE · age_up castle |
| 23:38 | CORP_BrianAOE · first_market_sell 100 wood |
| 23:40 | CORP_BrianAOE · first_market_buy 100 stone |
| 24:08 | CORP_ALASTOR · wall_segment Palisade Wall x1 |
| 24:11 | CORP_ALASTOR · wall_segment Palisade Wall x1 |
| 25:30 | CORP_ALASTOR · wall_segment Palisade Wall x1 |
| 25:52 | JoseBiedma01 · first_market_sell 100 wood |
| 26:00 | CORP_PysKo InKa-RreaBle · first_building Archery Range |
| 26:40 | CORP_ Zata · first_building Barracks |
| 27:11 | [GDL] Lionel Messiervos · first_building Castle |
| 27:15 | JoseBiedma01 · first_building Barracks |
| 27:17 | JoseBiedma01 · first_building Monastery |
| 27:23 | [GDL] Lionel Messiervos · first_building Monastery |
| 28:14 | CORP_ALASTOR · first_building Siege Workshop |
| 28:17 | JoseBiedma01 · first_building Stable |
| 28:20 | [GDL] Lionel Messiervos · first_building Siege Workshop |
| 28:27 | CORP_ALASTOR · first_building Archery Range |
| 28:58 | CORP_ Zata · first_building Castle |
| 29:15 | CORP_PysKo InKa-RreaBle · first_building Castle |
| 30:12 | CORP_ Zata · first_building Archery Range |
| 31:52 | CORP_ Zata · age_up imperial |
| 32:23 | [GDL] Lionel Messiervos · first_building Archery Range |
| 33:50 | CORP_PysKo InKa-RreaBle · first_market_buy 100 stone |
| 34:15 | CORP_ALASTOR · first_market_buy 100 stone |
| 35:15 | [GDL] Lionel Messiervos · first_building Stable |
| 36:34 | [GDL] Lionel Messiervos · first_market_sell 100 food |
| 36:52 | [GDL] Lionel Messiervos · age_up imperial |
| 37:37 | CORP_PysKo InKa-RreaBle · first_building Siege Workshop |
| 39:54 | JoseBiedma01 · age_up imperial |
| 40:25 | CORP_ Zata · first_building Siege Workshop |
| 40:53 | CORP_ Zata · tribute_sent a jugador 1 |
| 40:53 | CORP_ Zata · tribute_sent a jugador 2 |
| 40:53 | CORP_ Zata · tribute_sent a jugador 3 |
| 40:53 | CORP_ Zata · tribute_sent a jugador 5 |
| 40:53 | CORP_ Zata · tribute_sent a jugador 6 |
| 41:11 | CORP_BrianAOE · first_building Monastery |
| 41:42 | CORP_PysKo InKa-RreaBle · first_market_sell 100 stone |
| 43:40 | CORP_PysKo InKa-RreaBle · age_up imperial |
| 52:19 | CORP_BrianAOE · first_building Castle |
| 53:53 | CORP_BrianAOE · resign |
[ AI ANALYSIS · 1 CREDIT ]
What really happened in this match?
Wolo.gg analyzes every decision: build order, eco, micro, common mistakes by bracket. Personalized analysis on WhatsApp or Discord in 30 seconds.
Civ guide
Franks
Perfil
Jugador #20200892